 Dungeon Crawl Stone Soup version 0.27.1 (webtiles) character file.

Game seed: 1237769437622510899

121 Ishikawa the Skirmisher (level 4, 0/35 HPs)
             Began as a Demonspawn Fighter on Aug 24, 2021.
             Killed by divine providence
             ... invoked by an orc priest
              (11 damage)
             ... on level 4 of the Dungeon.
             The game lasted 00:04:37 (2692 turns).

Ishikawa the Skirmisher (Demonspawn Fighter)        Turns: 2692, Time: 00:04:38

Health: 0/35       AC:  6    Str: 16    XL:     4   Next: 77%
Magic:  4/4        EV:  7    Int: 10    God:
Gold:   59         SH:  9    Dex: 13    Spells: 3/3 levels left

rFire    . . .     SeeInvis .   a - +0 long sword
rCold    . . .     Faith    .   c - +0 kite shield
rNeg     . . .     Spirit   .   b - +0 scale mail
rPois    .         Reflect  .   (no helmet)
rElec    .         Harm     .   (no cloak)
rCorr    .         Rampage  .   (no gloves)
Will     .....                  (no boots)
Stlth    ..........             (no amulet)
HPRegen  0.11/turn              (no ring)
MPRegen  0.09/turn              (no ring)

@: no status effects
A: talons 1, demonic guardian 1
a: no special abilities


You were on level 4 of the Dungeon.
You visited 1 branch of the dungeon, and saw 4 of its levels.

You collected 59 gold pieces.

Inventory:

Hand Weapons
 a - a +0 long sword (weapon)
Armour
 b - a +0 scale mail (worn)
 c - a +0 kite shield (worn)
Wands
 j - a wand of digging (3)
Scrolls
 e - a scroll of amnesia {unknown}
 h - 2 scrolls of noise {unknown}
 i - a scroll of enchant weapon {unknown}
 m - a scroll of fog {unknown}
 n - a scroll of identify {unknown}
Potions
 d - 2 potions of might
 f - a potion of heal wounds {unknown}
 g - 7 potions of curing {unknown}
 k - 2 potions of brilliance {unknown}
 l - 2 potions of attraction {unknown}
 o - a potion of degeneration {unknown}


   Skills:
 * Level 3.4 Fighting
 * Level 2.9 Long Blades
 * Level 3.1 Armour
 * Level 0.8 Dodging
 * Level 1.1 Stealth
 * Level 3.2 Shields
 * Level 0.4 Evocations


You had 3 spell levels left.
You didn't know any spells.
Your spell library was empty.

Dungeon Overview and Level Annotations

Branches:
Dungeon (4/15)
 Temple: D:4-7

Altars:


Innate Abilities, Weirdness & Mutations

You have sharp toenails.
A weak demonic guardian rushes to your aid.


Message History

The orc barely misses you.
The orc priest looks braver for a moment.
You block the orc's attack.
You hit the orc. You claw the orc.
The orc is heavily wounded.
You block the orc's attack. x2
You hit the orc. Your kick misses the orc.
The orc is severely wounded.
You hear a distant slurping noise.
You block the orc's attack.
You barely miss the orc. Your kick misses the orc.
The orc is severely wounded.
You block the orc's attack.
You barely miss the orc warrior. You claw the orc warrior.
The orc warrior is lightly wounded.
The orc warrior hits you with a +0 hand axe!
A demonic guardian appears!
You swap places.
The orc warrior barely misses your iron imp.
The orc priest invokes the aid of Beogh against you.
Beogh smites you!
* * * LOW HITPOINT WARNING * * *
A demonic guardian appears!
Your iron imp hits the orc warrior!
The orc warrior hits your iron imp with a +0 hand axe.
Your iron imp barely misses the orc warrior.
The orc warrior hits your iron imp with a +0 hand axe!
The orc warrior hits your iron imp with a +0 hand axe!
Your iron imp dies!
You hear a distant slurping noise.
Your white imp closely misses the orc warrior.
Something hits your white imp.
Your white imp barely misses the orc warrior.
The orc warrior hits your white imp with a +0 hand axe.
Your white imp closely misses the orc warrior.
The orc warrior hits your white imp with a +0 hand axe!
Your white imp dies!
There is an open door here.
The orc priest calls down the wrath of Beogh upon you.
Beogh smites you!
You die...

#.####o####.#########
##.o.###..5.5oooo#
#..o..##########.#
##...## ##o## #.# #.#
##'## ##.@.## .#
##.....## ### .#
#......)## ##.##.#
#.........####.....#
+.........'(......#
#.........####..(.##
##.......######....#
##.....##......###.#
##...###.###.## .


You could see an orc warrior and 2 orc priests.

Vanquished Creatures
  Jessica (D:2)
  4 adders
  2 orcs
  3 ball pythons
  An endoplasm (D:2)
  4 giant cockroaches
  4 goblins
  8 hobgoblins
  4 jackals (D:1)
  4 kobolds
  4 quokkas
  2 bats (D:3)
  5 frilled lizards
  8 rats
54 creatures vanquished.

Notes
Turn   | Place    | Note
-------+----------+-------------------------------------------
     0 | D:1      | Ishikawa the Demonspawn Fighter began the quest for the
                  | Orb.
     0 | D:1      | Reached XP level 1. HP: 18/18 MP: 1/1
   247 | D:1      | Gained mutation: A weak demonic guardian rushes to your
                  | aid. [demonic ancestry]
   247 | D:1      | Reached XP level 2. HP: 24/24 MP: 2/2
   961 | D:2      | Gained mutation: You have sharp toenails. [demonic
                  | ancestry]
   961 | D:2      | Reached XP level 3. HP: 29/29 MP: 3/3
  1033 | D:2      | Noticed Jessica
  1042 | D:2      | Killed Jessica
  1376 | D:2      | Reached skill level 1 in Stealth
  1376 | D:2      | Reached XP level 4. HP: 35/35 MP: 4/4
  1957 | D:3      | Found a faded altar of an unknown god.
  2666 | D:4      | Noticed an orc warrior
  2692 | D:4      | Killed from afar by an orc priest

Illustrated notes

Levels and vault maps discovered:
D:1:      minmay_arrival_jagged, layout_loops_ring
D:2:      layout_basic, minmay_crystal_water, uniq_jessica
D:3:      layout_loops_ring, ebering_ecumenical_altar_ruins
D:4:      layout_loops_corners

Skill      XL: |  1  2  3 |
---------------+----------+-----
Long Blades    | 2 |  2.9
Armour         | 3 |  3.1
Shields        | 3 |  3.2
Stealth        | 1 |  1.1
Fighting       | |  3.4
Dodging        | |  0.8
Evocations     | |  0.4

Action                   |  1- 3 |  4- 6 || total
-------------------------+-------+-------++-------
Melee: Long sword        |   111 |    48 ||   159
       Kick              |     3 |    10 ||    13
Armor: Scale mail        |    59 |    19 ||    78
Dodge: Dodged            |    30 |    14 ||    44
Block: Kite shield       |    66 |    25 ||    91
       Rpst.: Long sword |     8 |     6 ||    14
